 Dungeon Crawl Stone Soup version 0.28.0 (webtiles) character file.

Game seed: 14892048050346753663

229 Konebred the Gusty (level 5, -2/38 HPs)
             Began as a Demigod Air Elementalist on Feb 11, 2022.
             Slain by an orc wizard (4 damage)
             ... on level 4 of the Dungeon.
             The game lasted 00:13:22 (3409 turns).

Konebred the Gusty (Demigod Air Elementalist)       Turns: 3409, Time: 00:13:22

Health: -2/38      AC:  2    Str: 18    XL:     5   Next: 43%
Magic:  4/12       EV: 12    Int: 21    God:
Gold:   112        SH:  0    Dex: 14    Spells: 0/10 levels left

rFire   . . .      SeeInvis .   j - +9 short sword of Checks and Balances {holy, Str+3}
rCold   . . .      Faith    .   (no shield)
rNeg    . . .      Spirit   .   a - +0 robe
rPois   .          Reflect  .   (no helmet)
rElec   .          Harm     .   (no cloak)
rCorr   .          Rampage  .   (no gloves)
Will    .....                   (no boots)
Stlth   ++........              (no amulet)
HPRegen 0.12/turn               p - +6 ring of strength
MPRegen 0.13/turn               (no ring)

@: swift, flying, very quick
A: high MP 1, forlorn, divine attributes
a: no special abilities


You were on level 4 of the Dungeon.
You visited 1 branch of the dungeon, and saw 4 of its levels.

You collected 112 gold pieces.

Inventory:

Hand Weapons
 b - a +2 dagger of venom
 j - the +9 short sword of Checks and Balances (weapon) {holy, Str+3}
   (You took it off a kobold on level 2 of the Dungeon)

   It has been blessed by the Shining One to cause great damage to the undead
   and demons.
   Str:       It affects your strength (+3).
 l - a +4 dagger
Missiles
 c - 3 poisoned darts (quivered)
 s - a throwing net
Armour
 a - a +0 robe (worn)
Jewellery
 p - a +6 ring of strength (left hand)
Wands
 m - a wand of iceblast (7)
Scrolls
 g - a scroll of enchant armour {unknown}
 h - 2 scrolls of identify {unknown}
 i - a scroll of silence {unknown}
 n - a scroll of fog {unknown}
 q - a scroll of magic mapping {unknown}
Potions
 d - a potion of mutation {unknown}
 f - a potion of heal wounds {unknown}
 k - a potion of might {unknown}
 o - a potion of cancellation {unknown}
 r - a potion of flight


   Skills:
 - Level 1.7 Dodging
 - Level 1.7 Stealth
 + Level 3.0 Spellcasting
 + Level 2.7 Conjurations
 + Level 3.9 Air Magic
 + Level 1.6 Evocations


You couldn't memorise any spells.
You knew the following spells:

 Your Spells              Type           Power      Damage    Failure   Level
a - Shock                 Conj/Air       68%        1d7       3%          1
b - Static Discharge      Conj/Air       17%        N/A       4%          2
c - Swiftness             Air            19%        N/A       8%          3
d - Airstrike             Air            9%         N/A       26%         4

Your spell library contained the following spells:

 Spells                   Type           Power      Damage    Failure   Level


Dungeon Overview and Level Annotations

Branches:
Dungeon (4/15)
 Temple: D:4-7

Shops:
D:2 (


Innate Abilities, Weirdness & Mutations

You have an increased reservoir of magic. (+10% MP)
You shall have no god before yourself.
Your divine heritage dramatically boosts your attributes as you level up.


Message History

The stone hits the orc priest but does no damage.
The orc wizard barely misses you.
The orc priest mumbles some strange prayers to Beogh against you.
Pain shoots through your body!
* * * LOW HITPOINT WARNING * * *
Unknown command.
Unknown command.
It was a potion of curing.
You feel better.
The orc throws a stone.
The stone barely misses you.
The stone barely misses the orc priest.
The orc wizard hits you with a +0 dagger.
The orc priest looks encouraged for a moment.
Unknown command.
Unknown command.
You feel better.
The orc wizard hits you with a +0 dagger.
The orc priest hits you with a +0 short sword.
Unknown command.
Unknown command.
Casting: Static Discharge (safe; 4% risk of failure)
Confirm with . or Enter, or press ? or * to list all spells.
The orc wizard is struck by an arc of lightning.
The orc wizard is moderately wounded.
You are struck by an arc of lightning.
* * * LOW HITPOINT WARNING * * *
The lightning grounds out.
The orc priest is struck by an arc of lightning.
The orc priest is severely wounded.
The lightning grounds out.
The orc throws a stone.
The stone misses you.
The stone closely misses the orc priest.
The orc wizard closely misses you.
The orc priest mumbles some strange prayers to Beogh against you.
Beogh smites you!
* * * LOW HITPOINT WARNING * * *
Unknown command.
Unknown command.
It was a potion of flight.
You feel very buoyant.
You fly up into the air.
The orc wizard hits you with a +0 dagger.
You die...

.....####.....
.............# ##.
....(........##>.....
...o....≈≈≈≈..#.......
.........≈≈≈..........
..........≈≈≈≈........
##..............#.......
#.......o@..............
#....#....o.............
....##...##............
#.##.......###...........
#.......#..# #..)#....#..
........#######.###......
.###..####.....##.....
#..##............##....
#.........†..###.......


You could see an orc priest, an orc wizard and an orc.

Vanquished Creatures
  A bullfrog zombie (D:3)
  An orc wizard (D:3)
  4 gnolls (D:3)
  6 adders
  A dart slug (D:1)
  9 orcs
  2 endoplasms
  2 giant cockroaches (D:1)
  4 goblins
  7 hobgoblins
  8 kobolds
  3 quokkas
  4 ball pythons
  8 bats
  8 frilled lizards
  9 rats
77 creatures vanquished.

Notes
Turn   | Place    | Note
-------+----------+-------------------------------------------
     0 | D:1      | Konebred the Demigod Air Elementalist began the quest for
                  | the Orb.
     0 | D:1      | Reached XP level 1. HP: 14/14 MP: 5/5
    60 | D:1      | Reached skill level 1 in Conjurations
   344 | D:1      | Reached XP level 2. HP: 20/20 MP: 5/7
   347 | D:1      | Learned a level 2 spell: Static Discharge
  1219 | D:2      | Found Foiluwna's Antique Weapon Shop.
  1260 | D:2      | Reached XP level 3. HP: 26/26 MP: 7/9
  1307 | D:2      | Identified the +9 short sword of Checks and Balances {holy,
                  | Str+3}
  1852 | D:3      | Learned a level 3 spell: Swiftness
  2322 | D:3      | Reached XP level 4. HP: 26/33 MP: 5/10
  2811 | D:3      | Reached skill level 1 in Evocations
  2917 | D:3      | Reached XP level 5. HP: 29/38 MP: 8/12
  3184 | D:4      | Learned a level 4 spell: Airstrike
  3409 | D:4      | Slain by an orc wizard

Illustrated notes

Levels and vault maps discovered:
D:1:      minmay_arrival_four_houses, layout_rooms, ebering_ecumenical_altar_box
D:2:      layout_rooms, serial_shops, shop, minmay_pentomino_q2
D:3:      layout_loops_corners
D:4:      layout_cave_pools, serial_rivers, chequers_serial_rivers_micro_c,
          chequers_serial_rivers_room_b, chequers_serial_rivers_room_a,
          chequers_serial_rivers_marsh

Skill      XL: |  1  2  3  4 |
---------------+-------------+-----
Conjurations   | 1 2 |  2.7
Spellcasting   | 2 3 |  3.0
Air Magic      | 3 |  3.9
Evocations     | 1 |  1.6
Dodging        | |  1.7
Stealth        | |  1.7

Action                   |  1- 3 |  4- 6 || total
-------------------------+-------+-------++-------
Melee: Dagger            |    11 |       ||    11
       Short sword       |    12 |     7 ||    19
 Cast: Shock             |    79 |    39 ||   118
       Static Discharge  |     3 |     4 ||     7
       Swiftness         |       |     1 ||     1
  Use: Potion            |       |     3 ||     3
 Stab: Distracted        |     1 |       ||     1
Armor: Robe              |     7 |     1 ||     8
Dodge: Dodged            |    16 |    15 ||    31
